 Dungeon Crawl Stone Soup version 0.29-a0-923-g6e406bff71 (webtiles) character file.

Game seed: 12989737706208540635

110 Salt the Chopper (level 4, -9/40 (42) HPs)
             Began as a Naga Berserker on July 28, 2022.
             Was a Believer of Trog.
             Mangled by an iguana (10 damage)
             ... on level 5 of the Dungeon.
             The game lasted 00:03:55 (3084 turns).

Salt the Chopper (Naga Berserker)                   Turns: 3084, Time: 00:03:56

HP:   -9/40 (42)    AC:  4    Str: 21    XL:     4   Next: 91%
MP:   4/4           EV:  8    Int:  8    God:    Trog [**....]
Gold: 144           SH:  0    Dex: 10    Spells: 3/3 levels left

rFire   . . .      SeeInvis +   a - +0 hand axe
rCold   . . .      Faith    .   (no shield)
rNeg    . . .      Spirit   .   q - +0 scale mail
rPois   +          Reflect  .   (no helmet)
rElec   .          Harm     .   (no cloak)
rCorr   .          Rampage  .   (no gloves)
Will    .....                   (no barding)
Stlth   ..........              (no amulet)
HPRegen 0.13/turn               (no ring)
MPRegen 0.09/turn               (no ring)

@: lightly drained, very slow
A: AC +1, large, see invisible, deformed body, poison resistance, slowness 2,
spit poison 1, naga tail 1
a: Spit Poison, Renounce Religion, Berserk, Trog's Hand


You were on level 5 of the Dungeon.
You worshipped Trog.
Trog was pleased with you.
You visited 1 branch of the dungeon, and saw 5 of its levels.

You collected 144 gold pieces.

Inventory:

Hand Weapons
 a - a +0 hand axe (weapon)
Armour
 b - a +0 animal skin
 c - a +0 leather armour
 q - a +0 scale mail (worn)
Scrolls
 d - 5 scrolls of teleportation {unknown}
 f - a scroll of brand weapon {unknown}
 g - 2 scrolls of blinking {unknown}
 h - a scroll of identify {unknown}
 k - a scroll of vulnerability {unknown}
 m - 2 scrolls of poison {unknown}
 n - a scroll of enchant weapon {unknown}
 p - a scroll of fear {unknown}
Potions
 e - a potion of might {unknown}
 i - 2 potions of attraction {unknown}
 j - 3 potions of mutation {unknown}
 l - a potion of invisibility {unknown}
 o - a potion of degeneration {unknown}


   Skills:
 + Level 3.4 Fighting
 * Level 4.2 Axes
 + Level 2.3 Armour
 - Level 2.0 Dodging
 - Level 1.0 Stealth


You had 3 spell levels left.
You didn't know any spells.
Your spell library was empty.

Dungeon Overview and Level Annotations

Branches:
Dungeon (5/15)
 Temple: D:4-7

Altars:
Vehumet
The Shining One

Annotations:
D:1 1 transporter


Innate Abilities, Weirdness & Mutations

Your serpentine skin is tough. (AC +1)
You have supernaturally acute eyesight. (SInv)
Armour fits poorly on your strangely shaped body.
Your system is resistant to poisons. (rPois)
You cover ground very slowly.
You can spit poison.
You have a snake-like lower body.


Message History

The adder bites you but does no damage. The adder closely misses you.
You barely miss the adder.
The adder is almost dead.
The adder closely misses you.
You hit the adder.
You kill the adder!
Trog accepts your kill.
You can now call upon Trog for regeneration and willpower.
No target in view!
HP restored.
You now have 144 gold pieces (gained 8).
A necrophage comes into view.
A necrophage is nearby!
Found a scroll labelled NOETAOSEGU and 20 gold pieces.
Found a stone staircase leading up.
You see here an adder corpse.
The necrophage attacks as you move away!
The necrophage hits you.
You feel drained. The necrophage closely misses you.
The necrophage hits you but does no damage.
The necrophage hits you.
The necrophage attacks as you move away!
The necrophage hits you.
You feel drained.
There is a stone staircase leading down here.
You can't go up here!
The necrophage hits you.
You climb downwards.
The iguana hisses angrily.
Found 2 scrolls labelled WAVUBR NIEN and 19 gold pieces.
Found a stone staircase leading down.
There is a stone staircase leading up here.
A dart slug comes into view.
The necrophage barely misses you. The iguana bites you.
The iguana attacks as you move away! The iguana bites you! x2
* * * LOW HITPOINT WARNING * * *
The necrophage hits you.
* * * LOW HITPOINT WARNING * * *
The iguana attacks as you move away! The iguana bites you!
You die...

#.$.....#
#.......#
#........
#.......#
#?>.....#
#######<......#
#.........##...
#....n....##
#...@l$.......
#.........##..
#..w...........
#.........### #
#.........#
#.........#
#.........#
###########


You could see a necrophage, an iguana and a dart slug.

Vanquished Creatures
  An orc wizard (D:3)
  2 adders
  2 worms
  2 dart slugs
  4 orcs (D:3)
  6 ball pythons
  3 bats (D:2)
  An endoplasm (D:1)
  6 goblins
  3 hobgoblins
  4 jackals (D:2)
  6 quokkas
  2 frilled lizards (D:1)
  4 kobolds
  4 rats
50 creatures vanquished.

Notes
Turn   | Place    | Note
-------+----------+-------------------------------------------
     0 | D:1      | Salt the Naga Berserker began the quest for the Orb.
     0 | D:1      | Reached XP level 1. HP: 21/21 MP: 1/1
   167 | D:1      | Reached XP level 2. HP: 19/28 MP: 2/2
   424 | D:1      | Found a faded altar of an unknown god.
   887 | D:2      | Reached XP level 3. HP: 29/34 MP: 3/3
  1652 | D:2      | Found a radiant altar of Vehumet.
  1990 | D:3      | Reached XP level 4. HP: 25/42 MP: 4/4
  2427 | D:3      | Reached ** piety under Trog
  2565 | D:3      | Reached skill level 4 in Axes
  2635 | D:3      | Reached skill level 1 in Stealth
  2917 | D:3      | Found a glowing golden altar of the Shining One.
  3068 | D:4      | Noticed a necrophage
  3080 | D:5      | Entered Level 5 of the Dungeon
  3083 | D:5      | HP: 1/40 [necrophage (2)]
  3084 | D:5      | Mangled by an iguana

Illustrated notes

Levels and vault maps discovered:
D:1:      spicycebolla_arrival_transporter_tutorial, layout_rooms,
          nicolae_ecumenical_snake_handling, serial_bayou_crossing
D:2:      layout_rooms, basic_altar
D:3:      layout_basic, nicolae_tso_swordbearing_angel,
          nicolae_kite_square_tiling_tiny
D:4:      layout_rooms, minmay_temple_entry_tees, minmay_misc_feat_diagonals
D:5:      layout_rooms, grunt_dithmenos_smoke, serial_shops, nicolae_shop_stone

Skill      XL: |  1  2  3  4 |
---------------+-------------+-----
Armour         | 2 |  2.3
Axes           | 4 |  4.2
Dodging        | 2 |  2.0
Stealth        | 1 |  1.0
Fighting       | |  3.4

Action                   |  1- 3 |  4- 6 || total
-------------------------+-------+-------++-------
Melee: Hand axe          |   112 |    50 ||   162
Invok: Berserk           |     2 |     2 ||     4
       Trog's Hand       |       |     1 ||     1
 Abil: Spit Poison       |     3 |     2 ||     5
Armor: Leather armour    |    22 |     5 ||    27
       Scale mail        |       |     6 ||     6
Dodge: Dodged            |    48 |    35 ||    83

Table legend: (Time is in decaauts)
 A = Elapsed time spent in this place.
 B = Non-inter-level travel time spent in this place.
 C = Inter-level travel time spent in this place.
 D = Time resting spent in this place.
 E = Time spent auto-exploring this place.
 F = Levels seen in this place.
 G = Mean time per level.
                   A        B        C        D        E       F      G
               +--------+--------+--------+--------+--------+-----+--------+
         Total |   3667 |   3588 |     79 |    294 |   2846 |   5 |  733.4 |
       Dungeon |   3667 |   3588 |     79 |    294 |   2846 |   5 |  733.4 |
               +--------+--------+--------+--------+--------+-----+--------+

Top non-repeatable levels by time:
     D:3: 1456 daAuts
     D:2: 1055 daAuts
     D:1: 1038 daAuts
     D:4: 112 daAuts
     D:5: 5 daAuts
